 Dungeon Crawl Stone Soup version 0.31-a0-426-g3a05650e59 (webtiles) character file.

Game seed: 16735919155605587867

4 shadowstone the Stinger (level 1, 0/15 HPs)
             Began as a Djinni Ice Elementalist on July 30, 2023.
             Slain by a worm (10 damage)
             ... on level 3 of the Dungeon.
             The game lasted 00:02:01 (260 turns).

shadowstone the Stinger (Djinni Ice Elementalist)    Turns: 260, Time: 00:02:02

Health: 0/15       AC:  2    Str:  7    XL:     1   Next: 77%
Gold:   10         EV: 12    Int: 16    God:
                   SH:  0    Dex: 13

rFire   + + .        (no weapon)
rCold   x . .        (no shield)
rNeg    . . .        a - +0 robe
rPois   ∞            (no helmet)
rElec   .            (no cloak)
rCorr   .            (no gloves)
SInv    .            (boots unavailable)
Will    .....        (no amulet)
Stlth   ++           (no ring)
HPRegen 0.22/turn    (no ring)
MPRegen 0.00/turn

%: infuse magic (-1 HP)
@: flying
A: sickness immunity, fire resistance 2, cold vulnerability 1, float, innate
caster, HP casting, extra vitality 1
a: no special abilities


You were on level 3 of the Dungeon.
You visited 1 branch of the dungeon, and saw 3 of its levels.

You collected 10 gold pieces.

Inventory:

Armour
 a - a +0 robe (worn)
Scrolls
 b - a scroll of poison {unknown}
 c - 2 scrolls of identify {unknown}
 d - a scroll of blinking {unknown}
 e - a scroll of revelation {unknown}


   Skills:
 + Level 2.2 Dodging
 + Level 1.6 Stealth
 + Level 3.4 Spellcasting
 + Level 3.4 Conjurations
 + Level 3.4 Hexes
 + Level 3.4 Summonings
 + Level 3.4 Necromancy
 + Level 3.4 Translocations
 + Level 3.4 Transmutations
 + Level 3.4 Fire Magic
 + Level 3.4 Ice Magic
 + Level 3.4 Air Magic
 + Level 3.4 Earth Magic
 + Level 3.4 Poison Magic


You knew the following spells:

 Your Spells              Type           Power      Damage    Failure   Level
a - Freeze                Ice            52%        1d6       4%          1
b - Frozen Ramparts       Ice            26%        1d4       13%         3
c - Ozocubu's Armour      Ice            13%        N/A       13%         3
d - Summon Ice Beast      Ice/Summ       13%        N/A       41%         4
Your spell library was empty.

Dungeon Overview and Level Annotations

Branches:
Dungeon (3/15)

Altars:


Innate Abilities, Weirdness & Mutations

You are immune to sickness and miasma.
You are immune to poison.
Your flesh is very heat resistant. (rF++)
You are vulnerable to cold. (rC-)
You float through the air rather than walking.
You learn spells naturally, not from books.
Your magical power is your life essence.
You have superior vitality. (+4 MHP)


Message History

The book of Changes burns to shimmering ash in your grasp.
You see here Maxwell's Memoranda.
Maxwell's Memoranda burns to shimmering ash in your grasp.
You can't go down here!
You need no library to learn spells.
You need no library to learn spells.
You need no library to learn spells.
You need no library to learn spells.
You need no library to learn spells.
You need no library to learn spells.
You need no library to learn spells.
d - a scroll labelled TAASIT XUGH
Casting: Freeze (safe; 4% risk of failure)
Confirm with . or Enter, or press ? or * to list all spells.
You aren't experienced enough to cast this spell.
A rat comes into view.
You hit the rat.
The rat is severely wounded.
The rat misses you.
You hit the rat.
You kill the rat!
Found a scroll labelled ZOENOAPPAQ.
e - a scroll labelled ZOENOAPPAQ
Found an escape hatch in the floor.
There is an escape hatch in the floor here.
You fly downwards.
The hatch slams shut behind you.
Found a fizzy sapphire potion.
The helpless worm fails to defend itself.
You hit the worm.
The worm is lightly wounded.
You hit the worm.
The worm is lightly wounded.
The worm bites you.
You hit the worm.
The worm is lightly wounded.
You hit the worm but do no damage.
The worm is lightly wounded.
The worm bites you!
Ouch! That really hurt!
You die...

.. ♣♣~~♣P
#.♣~~~♣~ #
##P~♣~~~ .#
#...~~~ ..#
#...~~ ..P#
#....♣.P!#
.####.......#
......w@.P.#
#######.P#.#
##.# #. #. ..
##


You could see a worm.

Vanquished Creatures
  A ball python (D:1)
  An endoplasm (D:1)
  A giant cockroach (D:1)
  A rat (D:2)
4 creatures vanquished.

Notes
Turn   | Place    | Note
-------+----------+-------------------------------------------
     0 | D:1      | shadowstone the Djinni Ice Elementalist began the quest for
                  | the Orb.
     0 | D:1      | shadowstone set off with the following spells memorised:
                  | Freeze, Frozen Ramparts, Ozocubu's Armour, Summon Ice
                  | Beast.
     0 | D:1      | Reached XP level 1. HP: 15/15 MP: 0/0
   260 | D:3      | Slain by a worm

Illustrated notes

Levels and vault maps discovered:
D:1:      dpeg_arrival_simpleton_b, layout_basic, grunt_decor_junction
D:2:      layout_loops_corners, grunt_ministairs_10
D:3:      layout_loops_ring, ebering_ecumenical_altar_petrified,
          chequers_serial_rivers_room_b, grunt_ministairs_1,
          serial_bayou_pond_a, lemuel_flame_loot_1

Action                     || total
---------------------------++-------
  Melee: Unarmed           ||    13
   Cast: Freeze            ||     3
   Stab: Sleeping          ||     1
 Armour: Robe              ||     1
  Dodge: Dodged            ||    10

Table legend: (Time is in decaauts)
 A = Elapsed time spent in this place.
 B = Non-inter-level travel time spent in this place.
 C = Inter-level travel time spent in this place.
 D = Time resting spent in this place.
 E = Time spent auto-exploring this place.
 F = Levels seen in this place.
 G = Mean time per level.
                   A        B        C        D        E       F      G
               +--------+--------+--------+--------+--------+-----+--------+
         Total |    259 |    259 |      0 |     12 |      0 |   3 |   86.3 |
       Dungeon |    259 |    259 |      0 |     12 |      0 |   3 |   86.3 |
               +--------+--------+--------+--------+--------+-----+--------+

Top non-repeatable levels by time:
     D:1: 138 daAuts
     D:2: 117 daAuts
     D:3: 3 daAuts
